 Dungeon Crawl Stone Soup version 0.31-a0-963-ga325b2283a (webtiles) character file.

Game seed: 9620201644975427261

1542 Fodor the Cleaver (level 8, -1/71 HPs)
             Began as a Minotaur Fighter on Oct 24, 2023.
             Slain by a large slime creature (9 damage)
             ... on level 6 of the Dungeon.
             The game lasted 00:26:06 (4730 turns).

Fodor the Cleaver (Minotaur Fighter)                Turns: 4730, Time: 00:26:07

Health: -1/71      AC: 10    Str: 24    XL:     8   Next: 56%
Magic:  7/7        EV:  9    Int:  5    God:
Gold:   312        SH:  0    Dex:  9    Spells: 7/7 levels left

rFire   . . .        i - +1 war axe (flame)
rCold   . . .        (no shield)
rNeg    . . .        e - +0 chain mail
rPois   .            (helmet restricted)
rElec   .            (no cloak)
rCorr   .            (no gloves)
SInv    .            (no boots)
Will    .....        (no amulet) Stlth
                     (no ring)
HPRegen 0.31/turn    (no ring)
MPRegen 0.10/turn

%: no passive effects
@: mighty
A: horns 2, retaliatory headbutt
a: no special abilities


You were on level 6 of the Dungeon.
You visited 1 branch of the dungeon, and saw 6 of its levels.

You collected 352 gold pieces.
You spent 40 gold pieces at shops.

Inventory:

Hand Weapons
 b - a +0 shortbow
 i - a +1 war axe of flaming (weapon)
Missiles
 n - 2 atropa-tipped darts (quivered)
 o - 7 poisoned darts
Armour
 e - a +0 chain mail (worn)
Jewellery
 a - a +6 ring of strength
 h - a ring of ice
Wands
 s - a wand of mindburst (5)
 t - a wand of flame (17)
Scrolls
 k - a scroll of immolation
 l - 2 scrolls of enchant armour {unknown}
 p - a scroll of revelation {unknown}
 q - a scroll of summoning
 r - a scroll of noise {unknown}
 v - a scroll of teleportation
Potions
 c - a potion of degeneration {unknown}
 d - a potion of might
 f - 2 potions of invisibility
 g - 2 potions of brilliance
 j - a potion of attraction
 m - a potion of enlightenment {unknown}
 u - a potion of magic {unknown}


   Skills:
 + Level 6.5 Fighting
 + Level 8.8 Axes
 + Level 8.1 Armour
 + Level 2.0 Dodging
 + Level 0.4 Stealth
 + Level 4.2 Shields


You had 7 spell levels left.
You didn't know any spells.
Your spell library contained the following spells:

 Spells                   Type           Power      Damage    Failure   Level
 Magic Dart               Conj           0%         1d3       94%         1
 Necrotise                Necr           0%         1d4       94%         1
 Call Imp                 Summ           0%         N/A       98%         2
 Poisonous Vapours        Pois/Air       0%         N/A       98%         2
 Mephitic Cloud           Conj/Pois/Air  0%         N/A       100%        3
 Stone Arrow              Conj/Erth      0%         3d7       100%        3
 Vampiric Draining        Necr           0%         2d6       100%        3
 Animate Armour           Summ/Erth      0%         N/A       100%        4
 Animate Dead             Necr           0%         N/A       100%        4
 Agony                    Necr           0%         N/A       100%        5
 Borgnjor's Vile Clutch   Necr/Erth      0%         N/A       100%        5
 Freezing Cloud           Conj/Ice/Air   0%         6-21      100%        5
 Death Channel            Necr           0%         N/A       100%        6
 Lehudib's Crystal Spear  Conj/Erth      0%         10d2      100%        8


Dungeon Overview and Level Annotations

Branches:
Dungeon (6/15)
 Temple: D:4-7

Altars:
Elyvilon
Fedhas
Qazlal
Trog
Vehumet
Wu Jian
Zin

Shops:
D:1 :   D:3 ?[

Annotations:
D:6 Edmund


Innate Abilities, Weirdness & Mutations

You have a pair of horns on your head.
You reflexively headbutt those who attack you in melee.


Message History

The slime creature quivers.
The endoplasm quivers.
The slime creature quivers.
A nearby fungus withers and dies.
There is an open door here.
Things that are here:
a +0 short sword; a kobold corpse Throw: 3 darts (atropa)
Press: ? - help, Q - select action, (/) - cycle Shift-Dir - straight line, f - slime creature
Aim: a slime creature (80% to hit, chance to blind on hit: 3%)
You throw an atropa-tipped dart.
The atropa-tipped dart hits the slime creature.
The slime creature resists.
The walls and floor vibrate strangely for a moment.
Okay, then.
Aiming: Throw Flame
Press: ? - help, Q - select action, (/) - cycle Shift-Dir - straight line, f - jelly, p - slime creature
Aim: a jelly (100% to hit)
The puff of flame hits the slime creature.
The slime creature is lightly wounded.
The slime creature hits you!
You completely miss the slime creature.
The slime creature is lightly wounded.
Two slime creatures merge to form a large slime creature.
You barely miss the large slime creature.
The large slime creature is lightly wounded.
You barely miss the large slime creature.
The large slime creature is lightly wounded.
The large slime creature hits you!
You hit the large slime creature. You burn the large slime creature.
You headbutt the large slime creature.
The large slime creature is lightly wounded.
The large slime creature hits you but does no damage.
The large slime creature attacks as it pursues you!
The large slime creature hits you!!
* * * LOW HITPOINT WARNING * * *
You feel very mighty all of a sudden. The large slime creature hits you!
* * * LOW HITPOINT WARNING * * *
The large slime creature attacks as it pursues you!
The large slime creature hits you!
You die...

............ #.#####.##
#####.###### #.# #..# ..#
#.# ##.# #..# #.# ####.#
#..# ..# #....####### #.#
>.# #....[)))... ## ###
#...)####### ###
####.....#
#(...÷.##@#########....#
#PPPP..#J#.#....###....#
#.JJ...#.#.#.....##....# #
#PJPPPJ#J#'#......'.#.####
#..JJ..#J#........'...# #.
#..÷..J#.#........'.### #.
#.÷J÷.J#J#.......##..# #.
#P.÷P..'##......###..# #.
#..÷...############..# #†


You could see a large slime creature, 2 jellies and an endoplasm.

Vanquished Creatures
  An ice beast (D:4)
  An ogre (D:4)
  A centaur (D:5)
  4 kobold brigands (D:6)
  A bullfrog (D:6)
  4 scorpions
  2 gnoll sergeants (D:5)
  2 hounds
  3 orc priests
  A jelly (D:5)
  2 iguanas
  An orc wizard (D:6)
  14 gnolls
  7 adders
  A shadow imp (D:6)
  A white imp (D:6)
  An ufetubus (D:6)
  A worm (D:5)
  3 dart slugs
  16 orcs
  6 endoplasms
  3 giant cockroaches
  3 goblins
  6 hobgoblins
  7 jackals
  23 kobolds
  6 quokkas
  8 ball pythons
  6 bats
  A frilled lizard (D:3)
  6 rats
142 creatures vanquished.

Notes
Turn   | Place    | Note
-------+----------+-------------------------------------------
     0 | D:1      | Fodor the Minotaur Fighter began the quest for the Orb.
     0 | D:1      | Reached XP level 1. HP: 19/19 MP: 0/0
   189 | D:1      | Reached XP level 2. HP: 27/27 MP: 1/1
   277 | D:1      | Found Qyuppueve's Book Boutique.
   504 | D:1      | Found a faded altar of an unknown god.
   906 | D:2      | Reached XP level 3. HP: 33/33 MP: 2/2
  1170 | D:2      | Identified the +9 dagger of the Doomed God {flame, *Noise
                  | rF+ Str-4 Int+7}
  1264 | D:3      | Found Nivaem's Antique Armour Shop.
  1415 | D:3      | Found a white marble altar of Elyvilon.
  1607 | D:3      | Found a glowing silver altar of Zin.
  1607 | D:3      | Noticed an angel
  1653 | D:3      | Found Owiulyn's Magic Scroll Emporium.
  1669 | D:3      | Bought a scroll of identify for 20 gold pieces
  1669 | D:3      | Bought a scroll of identify for 20 gold pieces
  1748 | D:3      | Reached XP level 4. HP: 40/40 MP: 3/3
  2285 | D:4      | Noticed a scorpion
  2292 | D:4      | Killed a scorpion
  2293 | D:4      | Reached XP level 5. HP: 37/47 MP: 4/4
  2360 | D:4      | Found a bloodstained altar of Trog.
  2363 | D:4      | Noticed an ogre
  2372 | D:4      | Killed an ogre
  2373 | D:4      | Reached skill level 5 in Axes
  2373 | D:4      | Reached skill level 5 in Armour
  2373 | D:4      | Reached XP level 6. HP: 13/53 MP: 5/5
  2694 | D:4      | Reached skill level 1 in Dodging
  2711 | D:4      | Noticed an ice beast
  2715 | D:4      | Killed an ice beast
  2841 | D:5      | Entered Level 5 of the Dungeon
  2957 | D:5      | Reached skill level 5 in Fighting
  2957 | D:5      | Reached XP level 7. HP: 37/61 MP: 6/6
  2964 | D:5      | HP: 1/61 [gnoll sergeant/+0 spear (8)]
  3180 | D:5      | Found a blossoming altar of Fedhas.
  3934 | D:5      | Found a stormy altar of Qazlal.
  4092 | D:6      | Reached XP level 8. HP: 53/70 MP: 7/7
  4162 | D:6      | Noticed Edmund
  4402 | D:6      | Found a radiant altar of Vehumet.
  4402 | D:6      | Found an ornate altar of the Wu Jian Council.
  4714 | D:6      | Noticed a slime creature
  4714 | D:6      | Noticed a slime creature
  4730 | D:6      | Slain by a large slime creature

Illustrated notes

Levels and vault maps discovered:
D:1:      dpeg_arrival_line_fractal, layout_basic, serial_shops,
          nicolae_shop_crystal, ebering_ecumenical_altar_sacrificial
D:2:      layout_rooms, minmay_misc_feat_chi
D:3:      layout_rooms, zin_angel, mainiacjoe_overflow_six_doors_small,
          serial_shops, shop, shop, minmay_misc_feat_ornament,
          roderic_serpentine_path
D:4:      layout_basic, lemuel_round_altar
D:5:      layout_basic, lemuel_coloured_pillars_altar, lemuel_tele_altar
D:6:      cheibrodos_fertilizer, layout_rooms, mainiacjoe_overflow_divided_tiny,
          cheibrodos_sewer_entry_drain, grunt_decor_junction, eino_curves_02,
          uniq_edmund

Skill      XL: |  1  2  3  4  5  6  7  8 |
---------------+-------------------------+-----
Shields        | 4 |  4.2
Armour         | 4 5 6 7 8 |  8.1
Fighting       | 4 5 6 |  6.5
Axes           | 3 4 5 6 7 8 |  8.8
Dodging        | 1 2 |  2.0
Stealth        | |  0.4

Action                     |  1- 3 |  4- 6 |  7- 9 || total
---------------------------+-------+-------+-------++-------
  Melee: War axe           |    82 |    61 |   165 ||   308
         Headbutt          |    13 |     5 |    29 ||    47
         Punch             |     2 |       |     1 ||     3
  Throw: Dart              |       |       |     1 ||     1
  Evoke: Wand              |       |       |     1 ||     1
    Use: Scroll            |     3 |       |     1 ||     4
         Potion            |       |       |     6 ||     6
 Armour: Scale mail        |     3 |       |       ||     3
         Chain mail        |    77 |    79 |   199 ||   355
  Dodge: Dodged            |    62 |    50 |   103 ||   215
  Block: Buckler           |     2 |       |       ||     2

Table legend: (Time is in decaauts)
 A = Elapsed time spent in this place.
 B = Non-inter-level travel time spent in this place.
 C = Inter-level travel time spent in this place.
 D = Time resting spent in this place.
 E = Time spent auto-exploring this place.
 F = Levels seen in this place.
 G = Mean time per level.
                   A        B        C        D        E       F      G
               +--------+--------+--------+--------+--------+-----+--------+
         Total |   4794 |   4641 |    153 |    918 |     41 |   6 |  799.0 |
       Dungeon |   4794 |   4641 |    153 |    918 |     41 |   6 |  799.0 |
               +--------+--------+--------+--------+--------+-----+--------+

Top non-repeatable levels by time:
     D:5: 1242 daAuts
     D:3: 869 daAuts
     D:1: 868 daAuts
     D:4: 748 daAuts
     D:6: 666 daAuts
     D:2: 400 daAuts
